 Dungeon Crawl Stone Soup version 0.31-a0-321-g19405a7a6a (webtiles) character file.

Game seed: 17259451141617616555

346 cforsyth the Trooper (level 7, 0/62 HPs)
             Began as a Meteoran Fighter on July 17, 2023.
             Was an Initiate of Hepliaklqana.
             Slain by a white imp (5 damage)
             ... on level 5 of the Dungeon.
             The game lasted 00:10:44 (1380 turns).

cforsyth the Trooper (Meteoran Fighter)             Turns: 1380, Time: 00:10:45

Health: 0/62       AC: 11    Str: 19    XL:     7   Next: 14%
Magic:  8/8        EV:  5    Int: 10    God:    Hepliaklqana [......]
Gold:   52         SH:  5    Dex: 14    Spells: 6/6 levels left

rFire   . . .        a - +0 flail
rCold   . . .        c - +0 buckler
rNeg    . . .        k - +0 plate armour
rPois   .            (no helmet)
rElec   .            (no cloak)
rCorr   .            (no gloves)
SInv    .            (no boots)
Will    .....        (no amulet) Stlth
                     (no ring)
HPRegen 0.30/turn    (no ring)
MPRegen 0.11/turn

%: no passive effects
@: glowing
A: sense surroundings 1, otherworldly, glowing, explore regen
a: Renounce Religion


You were on level 5 of the Dungeon.
You worshipped Hepliaklqana.
Hepliaklqana was noncommittal.
You visited 2 branches of the dungeon, and saw 6 of its levels.

You collected 52 gold pieces.

Inventory:

Hand Weapons
 a - a +0 flail (weapon)
Armour
 b - a +0 scale mail
 c - a +0 buckler (worn)
 k - a +0 plate armour (worn)
Talismans
 h - a talisman of death
 j - a serpent talisman
Scrolls
 g - 3 scrolls of revelation {unknown}
 i - 4 scrolls of teleportation {unknown}
 l - 2 scrolls of identify {unknown}
 o - a scroll of blinking {unknown}
Potions
 e - 2 potions of heal wounds
 f - 2 potions of haste {unknown}
 m - a potion of attraction {unknown}
 n - 2 potions of brilliance {unknown}
 p - a potion of magic {unknown}
 q - a potion of mutation {unknown}


   Skills:
 + Level 5.9 Fighting
 - Level 3.0 Maces & Flails
 - Level 3.8 Armour
 - Level 3.8 Shields
 + Level 4.1 Shapeshifting


You had 6 spell levels left.
You didn't know any spells.
Your spell library contained the following spells:

 Spells                   Type           Power      Damage    Failure   Level
 Apportation              Tloc           0%         N/A       100%        1
 Alistair's Intoxication  Tmut/Pois      0%         N/A       100%        5


Dungeon Overview and Level Annotations

Branches:
Dungeon (5/15) Zot: 1617   Temple (1/1) D:4 Zot: 539

Altars:
Ashenzari
Cheibriados
Dithmenos
Elyvilon
Gozag
Hepliaklqana
Kikubaaqudgha
Nemelex Xobeh
Qazlal
Sif Muna
Vehumet
Yredelemnul
Zin
The Shining One


Innate Abilities, Weirdness & Mutations

You passively map a small area around you.
You are easily found by Zot.
You glow in the dark.
You regain HP and MP as you explore.


Message History

You are too injured to fight recklessly!
You are too injured to fight recklessly!
You are too injured to fight recklessly!
You are too injured to fight recklessly!
You are too injured to fight recklessly!
You are too injured to fight recklessly!
You are too injured to fight recklessly!
You are too injured to fight recklessly!
You are too injured to fight recklessly!
You are too injured to fight recklessly!
You are too injured to fight recklessly!
You are too injured to fight recklessly!
You thump the adder!
You kill the adder!
You feel sick.
The white imp grins evilly.
The white imp hits you but does no damage.
Unknown command.
You closely miss the white imp.
You feel sick. The white imp hits you. The white imp freezes you.
* * * LOW HITPOINT WARNING * * *
The white imp hits you but does no damage.
The white imp barely misses you.
You hit the white imp.
The white imp is lightly wounded.
You feel sick.
The white imp hits you but does no damage.
The white imp gestures at you. You block the puff of frost.
You hit the white imp.
The white imp is moderately wounded.
You feel sick.
You are no longer poisoned.
The white imp gestures at you. The puff of frost hits you!
* * * LOW HITPOINT WARNING * * *
The white imp hits you.
* * * LOW HITPOINT WARNING * * *
The white imp freezes you.
You die...

..........# ≈≈≈≈≈≈≈...#
≈≈≈≈≈≈≈...# ≈≈........#
######## * ≈≈........#
#......# ≈≈..PPPP..#
#......# *
≈≈........######......#.
≈≈..P._.........†.......
,
....P....#######@5....#
.........##......5......
..#####..#####+###'###'#
, ### #.## , ... #.. , *
... #### + * ###'. , . *
, * * + +


You could see 2 white imps.

Vanquished Creatures
  A sky beast (D:3)
  Blork the orc (D:5)
  A sleepcap (D:5)
  An orc wizard (D:5)
  Robin (D:2)
  4 adders
  3 ufetubi (D:5)
  2 worms (D:3)
  A dart slug (D:2)
  9 orcs
  4 ball pythons
  4 endoplasms
  10 goblins
  5 hobgoblins
  3 kobolds
  A quokka (D:1)
  2 bats (D:1)
  A frilled lizard (D:3)
  6 rats
60 creatures vanquished.

Notes
Turn   | Place    | Note
-------+----------+-------------------------------------------
     0 | D:1      | cforsyth the Meteoran Fighter began the quest for the Orb.
     0 | D:1      | Reached XP level 1. HP: 19/19 MP: 2/2
    61 | D:1      | Reached XP level 2. HP: 26/26 MP: 3/3
   401 | D:2      | Reached XP level 3. HP: 27/33 MP: 4/4
   443 | D:2      | Noticed Robin
   446 | D:2      | Reached skill level 1 in Shapeshifting
   503 | D:2      | Killed Robin
   504 | D:2      | Reached skill level 4 in Fighting
   504 | D:2      | Reached XP level 4. HP: 11/40 MP: 5/5
   842 | D:3      | Found a glowing golden altar of the Shining One.
   872 | D:3      | Noticed a sky beast
   901 | D:3      | Killed a sky beast
   902 | D:3      | Reached skill level 5 in Fighting
   902 | D:3      | Reached XP level 5. HP: 15/48 MP: 6/6
   902 | D:3      | Reached XP level 6. HP: 17/56 MP: 7/7
  1054 | D:4      | Found a staircase to the Ecumenical Temple.
  1061 | Temple   | Entered the Ecumenical Temple
  1102 | Temple   | Became a worshipper of Hepliaklqana the Forgotten
  1226 | D:5      | Entered Level 5 of the Dungeon
  1307 | D:5      | Noticed Blork the orc
  1320 | D:5      | Killed Blork the orc
  1321 | D:5      | Reached XP level 7. HP: 53/62 MP: 8/8
  1332 | D:5      | Found a broken altar of Ashenzari.
  1380 | D:5      | Slain by a white imp

Illustrated notes

Levels and vault maps discovered:
D:1:      amcnicky_arrival_abandoned_market, layout_basic, serial_shops, shop
D:2:      layout_loops_ring, uniq_robin
D:3:      layout_rooms, nicolae_overflow_hidden_temple
D:4:      layout_loops_ring, kennysheep_little_box, temple_fountains
D:5:      layout_basic, mainiacjoe_overflow_chevrons,
          mainiacjoe_overflow_six_doors_small, makhleb_blood_cavern_becter,
          mainiacjoe_overflow_24_doors, uniq_blork_the_orc
Temple:   nicolae_temple_slightly_damp_pantheon

Skill      XL: |  1  2  3  4  5  6 |
---------------+-------------------+-----
Maces & Flails | 3 |  3.0
Shapeshifting  | 1 3 4 |  4.1
Fighting       | 4 5 |  5.9
Armour         | |  3.8
Shields        | |  3.8

Action                     |  1- 3 |  4- 6 |  7- 9 || total
---------------------------+-------+-------+-------++-------
  Melee: Flail             |    81 |   118 |    18 ||   217
    Use: Potion            |     1 |     3 |       ||     4
 Armour: Scale mail        |    51 |       |       ||    51
         Plate armour      |       |    63 |    16 ||    79
  Dodge: Dodged            |    36 |    27 |     8 ||    71
  Block: Buckler           |    29 |    29 |     5 ||    63
         Form:             |     1 |     1 |       ||     2
         Death             |     1 |       |       ||     1
         Anaconda          |       |     1 |       ||     1

Table legend: (Time is in decaauts)
 A = Elapsed time spent in this place.
 B = Non-inter-level travel time spent in this place.
 C = Inter-level travel time spent in this place.
 D = Time resting spent in this place.
 E = Time spent auto-exploring this place.
 F = Levels seen in this place.
 G = Mean time per level.
                   A        B        C        D        E       F      G
               +--------+--------+--------+--------+--------+-----+--------+
         Total |   1442 |   1442 |      0 |     96 |      0 |   6 |  240.3 |
       Dungeon |   1381 |   1381 |      0 |     96 |      0 |   5 |  276.2 |
        Temple |     60 |     60 |      0 |      0 |      0 |   1 |   60.0 |
               +--------+--------+--------+--------+--------+-----+--------+

Top non-repeatable levels by time:
     D:2: 379 daAuts
     D:1: 333 daAuts
     D:3: 307 daAuts
     D:4: 193 daAuts
     D:5: 167 daAuts
  Temple: 60 daAuts
